 Dungeon Crawl Stone Soup version 0.27-a0-263-gc8dee61f84 (webtiles) character file.

Game seed: 13660767583190467978

29 knot the Chopper (level 3, 29/29 HPs)
             Began as a Demonspawn Berserker on Feb 5, 2021.
             Was a Follower of Trog.
             Quit the game on level 2 of the Dungeon.
             The game lasted 00:00:51 (1488 turns).

knot the Chopper (Demonspawn Berserker)             Turns: 1488, Time: 00:00:51

Health: 29/29      AC:  6    Str: 17    XL:     3   Next: 1%
Magic:  3/3        EV: 10    Int:  9    God:    Trog [*.....]
Gold:   49         SH:  0    Dex: 12    Spells: 2/2 levels left

rFire    . . .     SeeInvis .   a - +0 hand axe
rCold    . . .     Faith    .   (no shield)
rNeg     . . .     Spirit   .   i - +0 scale mail
rPois    .         Reflect  .   (helmet restricted)
rElec    .         Harm     .   (no cloak)
rCorr    .         Rampage  .   (no gloves)
Will     .....                  (no boots)
Stlth    ..........             (no amulet)
HPRegen  0.09/turn              (no ring)
MPRegen  0.08/turn              (no ring)

@: no status effects
A: antennae 1, powered by pain 1
a: Renounce Religion, Berserk


You were on level 2 of the Dungeon.
You worshipped Trog.
Trog was aware of your devotion.
You visited 1 branch of the dungeon, and saw 2 of its levels.

You collected 49 gold pieces.

Inventory:

Hand Weapons
 a - a +0 hand axe (weapon)
Missiles
 d - 19 stones
 h - 11 poisoned darts (quivered)
Armour
 i - a +0 scale mail (worn)
Scrolls
 c - 2 scrolls of remove curse {unknown}
 e - a scroll of teleportation {unknown}
 f - a scroll of random uselessness {unknown}
Potions
 b - a potion of heal wounds {unknown}
 g - a potion of mutation {unknown}


   Skills:
 - Level 3.0 Fighting
 * Level 3.6 Axes
 * Level 0.8 Throwing
 - Level 1.7 Armour
 - Level 1.7 Dodging


You had 2 spell levels left.
You didn't know any spells.
Your spell library was empty.

Dungeon Overview and Level Annotations

Branches:
Dungeon (2/15)

Altars:


Innate Abilities, Weirdness & Mutations

You have a pair of small antennae on your head.
You sometimes gain a little power by taking damage.


Message History

Press: ? - help, Q - select action, (/) - cycle Shift-Dir - straight line, f - goblin
Aim: a goblin, wielding a +0 club (50% to hit)
You throw a poisoned dart. The poisoned dart hits the goblin.
The goblin is poisoned.
Throw: 12 darts (poison)
Press: ? - help, Q - select action, (/) - cycle Shift-Dir - straight line, f/p - goblin
Aim: a goblin, wielding a +0 club (poisoned, 50% to hit)
You throw a poisoned dart. The poisoned dart hits the goblin.
You hit the goblin but do no damage.
The goblin is moderately wounded.
The goblin misses you.
You hit the goblin.
You kill the goblin!
Trog accepts your kill.
You have reached level 3!
Your experience leads to an increase in your attributes!
Increase (S)trength, (I)ntelligence, or (D)exterity?
You feel clever.
Your demonic ancestry asserts itself...
You feel energised by your suffering.
Are you sure you want to abandon this character and quit the game? (Confirm with "yes".)

##. ### #.> ..#
####.# #.#
#....# #(##
#....# #..
#....# #)#
####..#.#####@#
..............#
#.#######.##.###
#.# ##.##.#
###.# ##.#.#.#
.##.#####.###†.#
....##...#.#...#
##..#.....#.#..#
....#.....#†#..#


There were no monsters in sight!

Vanquished Creatures
  An adder (D:2)
  A dart slug (D:1)
  A leopard gecko (D:2)
  A giant cockroach (D:2)
  2 goblins
  A hobgoblin (D:1)
  A quokka (D:2)
  A ball python (D:1)
  5 bats
  3 frilled lizards (D:1)
17 creatures vanquished.

Notes
Turn   | Place    | Note
-------+----------+-------------------------------------------
     0 | D:1      | knot the Demonspawn Berserker began the quest for the Orb.
     0 | D:1      | Reached XP level 1. HP: 18/18 MP: 1/1
   601 | D:1      | Gained mutation: You have a pair of small antennae on your
                  | head. [demonic ancestry]
   601 | D:1      | Reached XP level 2. HP: 20/24 MP: 2/2
  1488 | D:2      | Gained mutation: You sometimes gain a little power by
                  | taking damage. [demonic ancestry]
  1488 | D:2      | Reached XP level 3. HP: 29/29 MP: 3/3
  1488 | D:2      | Quit the game

Illustrated notes

Levels and vault maps discovered:
D:1:      saegor_arrival_simple_e, layout_loops_corners, minmay_misc_feat_plants
D:2:      layout_loops_ring, lemuel_round_altar

Skill      XL: |  1 |
---------------+----+-----
Axes           | 3 |  3.6
Fighting       | |  3.0
Throwing       | |  0.8
Armour         | |  1.7
Dodging        | |  1.7

Action                   || total
-------------------------++-------
Melee: Hand axe          ||    62
Throw: Dart              ||    10
 Stab: Sleeping          ||     2
Armor: Animal skin       ||    17
       Scale mail        ||     5
Dodge: Dodged            ||    37

Table legend: (Time is in decaauts)
 A = Elapsed time spent in this place.
 B = Non-inter-level travel time spent in this place.
 C = Inter-level travel time spent in this place.
 D = Time resting spent in this place.
 E = Time spent auto-exploring this place.
 F = Levels seen in this place.
 G = Mean time per level.
                   A        B        C        D        E       F      G
               +--------+--------+--------+--------+--------+-----+--------+
         Total |   1495 |   1484 |     11 |    176 |   1157 |   2 |  747.5 |
       Dungeon |   1495 |   1484 |     11 |    176 |   1157 |   2 |  747.5 |
               +--------+--------+--------+--------+--------+-----+--------+

Top non-repeatable levels by time:
     D:1: 1096 daAuts
     D:2: 399 daAuts
